 Dungeon Crawl Stone Soup version 0.23.2-1-ga50397a (webtiles) character file.

Game seed: 7523126247319508100

108 doot the Sneak (level 4, 0/30 HPs)
             Began as an Octopode Assassin on Apr 25, 2019.
             Killed by nerve-wracking pain
             ... invoked by an orc priest
              (8 damage)
             ... on level 3 of the Dungeon.
             The game lasted 00:06:20 (2646 turns).

doot the Sneak (Octopode Assassin)                  Turns: 2646, Time: 00:06:21

Health: 0/30       AC:  1    Str: 10    XL:     4   Next: 87%
Magic:  4/4        EV: 13    Int: 13    God:
Gold:   69         SH:  0    Dex: 14    Spells: 3/3 levels left

rFire    . . .     SeeInvis .   b - +0 blowgun
rCold    . . .     Gourm    .   (no shield)
rNeg     . . .     Faith    .   (helmet restricted)
rPois    .         Spirit   .   (no amulet)
rElec    .         Reflect  .   p - ring of resist corrosion
rCorr    +         Harm     .   l - ring of wizardry
MR       .....                  (no ring)
Stlth    ++++......             (no ring)
HPRegen  0.10/turn              (no ring)
MPRegen  0.09/turn              (no ring)
                                (no ring)
                                (no ring)

@: no status effects
A: almost no armour, stealthy swim, amphibious, 8 rings, constrict 8, camouflage
1, gelatinous body 1
a: no special abilities


You were on level 3 of the Dungeon.
You were not hungry.

You visited 1 branch of the dungeon, and saw 3 of its levels.

You collected 69 gold pieces.

Inventory:

Hand Weapons
 a - a +2 dagger
 b - a +0 blowgun (weapon)
 i - a +0 dagger of protection
Missiles
 d - 2 curare-tipped needles (quivered)
Jewellery
 l - a ring of wizardry (right tentacle)
 p - a ring of resist corrosion (left tentacle)
Wands
 v - a wand of paralysis (13)
Scrolls
 e - a scroll of fear {unknown}
 g - a scroll of identify {unknown}
 h - 2 scrolls of teleportation {unknown}
 m - a scroll of noise {unknown}
 s - a scroll of magic mapping {unknown}
 t - a scroll of blinking {unknown}
Potions
 j - 2 potions of mutation {unknown}
 k - a potion of brilliance {unknown}
 n - a potion of agility {unknown}
 o - 2 potions of might {unknown}
 q - a potion of curing {unknown}
 r - 4 potions of lignification {unknown}
 u - 2 potions of heal wounds {unknown}
Comestibles
 f - 6 rations
 w - 4 chunks of flesh


   Skills:
 + Level 2.4 Fighting
 + Level 2.9 Short Blades
 + Level 2.1 Throwing
 + Level 1.3 Dodging
 + Level 7.1 Stealth


You had 3 spell levels left.
You didn't know any spells.
Your spell library was empty.

Dungeon Overview and Level Annotations

Branches:
Dungeon (3/15)

Altars:

Annotations:
D:2 Robin


Innate Abilities, Weirdness & Mutations

You cannot wear most types of armour.
You are very stealthy in the water. (Stealth+)
You are amphibious.
You can wear up to eight rings at the same time.
You can use your tentacles to constrict eight enemies at once.
Your skin changes colour to match your surroundings (Stealth+).
Your rubbery body absorbs attacks. (AC +1, EV +1)


Message History

Firing (i - inventory. (/) - cycle)
c - 2 poisoned needles (quivered)
Press: ? - help, Shift-Dir - straight line, f/p - orc priest
Aim: an orc priest, wielding a +0 club and wearing a +1 leather armour of cold resistance (poisoned)
You shoot a poisoned needle.
The poisoned needle completely misses the orc priest.
The orc shouts!
The orc priest invokes the aid of Beogh against you.
Beogh smites you!
You hear a shout!
Firing (i - inventory. (/) - cycle)
c - a poisoned needle (quivered)
Press: ? - help, Shift-Dir - straight line, f/p - orc priest
Aim: an orc priest, wielding a +0 club and wearing a +1 leather armour of cold resistance (poisoned)
You shoot a poisoned needle.
The poisoned needle barely misses the orc priest.
The orc priest mumbles some strange prayers to Beogh against you.
Pain shoots through your body!
* * * LOW HITPOINT WARNING * * *
The orc priest calls down the wrath of Beogh upon you.
Pain shoots through your body!
You die...

##......(..
#.........o
#........o.
#.....o....
#...o.....(
#######...(......
#................
#.......#.....#..
#.<...@....#.##
#...)...##...#
##.<...## #..#
#.......# ..#
#....##.# ...#
#....# .....).
#..... ...
#....## ##..
#..... #.


You could see an orc priest and an orc.

Vanquished Creatures
  An orc priest (D:2)
  A worm (D:2)
  2 dart slugs
  3 leopard geckos (D:1)
  2 orcs
  2 giant cockroaches (D:1)
  8 goblins
  10 hobgoblins
  8 jackals
  A ball python (D:1)
  6 bats
  4 frilled lizards (D:1)
  7 kobolds
  9 rats
64 creatures vanquished.

Notes
Turn   | Place    | Note
-------+----------+-------------------------------------------
     0 | D:1      | doot the Octopode Assassin began the quest for the Orb.
     0 | D:1      | Reached XP level 1. HP: 14/14 MP: 1/1
   203 | D:1      | Reached XP level 2. HP: 19/19 MP: 2/2
   222 | D:1      | Reached skill level 6 in Stealth
   676 | D:1      | Reached XP level 3. HP: 21/24 MP: 3/3
  1280 | D:2      | Noticed Robin
  1565 | D:2      | Reached XP level 4. HP: 30/30 MP: 4/4
  2508 | D:2      | Reached skill level 7 in Stealth
  2646 | D:3      | Killed from afar by an orc priest

Skill      XL: |  1  2  3  4 |
---------------+-------------+-----
Stealth        | 6 7 |  7.1
Fighting       | |  2.4
Short Blades   | |  2.9
Throwing       | |  2.1
Dodging        | |  1.3

Action                   |  1- 3 |  4- 6 || total
-------------------------+-------+-------++-------
Melee: Dagger            |    74 |    42 ||   116
       Constrict         |    20 |     9 ||    29
       Tentacles         |    12 |     6 ||    18
 Fire: Blowgun           |     4 |    10 ||    14
 Stab: Sleeping          |    16 |     4 ||    20
       Distracted        |       |     1 ||     1
  Eat: Chunk             |     2 |     3 ||     5
Armor: Skin              |     3 |       ||     3
Dodge: Dodged            |    25 |    22 ||    47
